AoeStats
← Malik Bhai

Arena

508008510Analyzed
1v1 RM · 12d ago on Sep 20, 2026· 33m 51s· 2 players
Game mode
Random Map
Map size
Tiny (2 player)
Population
200
Speed
Normal
Resources
Standard
Victory
Conquest
Starting age
Dark Age
Ending age
Imperial Age
RankedLock teamsTeams togetherTeam positionsShared explorationLock speedFull tech treeHidden civsTurbo modeCheats
Victory
Defeat
🇦🇷 Inca · Argentina
1882
+11
🇵🇰 Lithuanians · Pakistan
1763
-11
Malik Bhai
6:45 Loom
10:40 Feudal Age
15:29 Castle Age
13:28 Double-Bit Axe
13:54 Horse Collar
29:15 Imperial Age
26:50 Fletching
27:43 Bodkin Arrow
28:27 Scale Barding Armor
31:05 Chemistry
30:38 Padded Archer Armor
31:51 Leather Archer Armor
PNAL | Ciruja
10:14 Feudal Age
14:15 Castle Age
13:19 Horse Collar
13:47 Loom
13:55 Double-Bit Axe
16:46 Bow Saw
22:28 Wheelbarrow
26:54 Imperial Age
24:56 Fletching
26:20 Bodkin Arrow
28:07 Bracer
31:17 Chemistry
31:04 Devotion
32:24 Padded Archer Armor
33:37 Leather Archer Armor
32:43 Elite Skirmisher
Connection lost

Rejoining the realm…

Still unreachable

The connection could not be restored.

Session expired

The server has moved on; the page needs a fresh start.